 Dungeon Crawl Stone Soup version 0.32-a0-961-gd60f5e5fc7 (webtiles) character file.

Game seed: 1799453904807499456

46 olmar the Covered (level 3, -36/33 HPs)
             Began as a Mountain Dwarf Fighter on Apr 17, 2024.
             Annihilated by an ogre
             ... wielding a +0 giant spiked club
              (37 damage)
             ... on level 4 of the Dungeon.
             The game lasted 00:01:12 (927 turns).

olmar the Covered (Mountain Dwarf Fighter)           Turns: 927, Time: 00:01:12

Health: -36/33     AC:  7    Str: 20    XL:     3   Next: 44%
Magic:  3/3        EV:  8    Int:  8    God:
Gold:   102        SH:  4    Dex:  9    Spells: 2/2 levels left

rFire   . . .        a - +0 flail
rCold   . . .        c - +0 buckler
rNeg    . . .        b - +0 scale mail
rPois   .            (no helmet)
rElec   .            (no cloak)
rCorr   .            (no gloves)
SInv    .            (no boots)
Will    .....        (no amulet) Stlth
                     (no ring)
HPRegen 0.25/turn    (no ring)
MPRegen 0.08/turn

%: no passive effects
@: mighty
A: runic magic, artefact enchanting
a: no special abilities


You were on level 4 of the Dungeon.
You visited 1 branch of the dungeon, and saw 3 of its levels.

You collected 102 gold pieces.

Inventory:

Hand Weapons
 a - a +0 flail (weapon)
Missiles
 k - 5 poisoned darts (quivered)
Armour
 b - a +0 scale mail (worn)
 c - a +0 buckler (worn)
Scrolls
 e - a scroll of fear {unknown}
 f - a scroll of amnesia {unknown}
 j - a scroll of enchant armour {unknown}
Potions
 g - a potion of lignification {unknown}
 h - a potion of curing {unknown}
 i - a potion of mutation {unknown}


   Skills:
 + Level 3.7 Fighting
 + Level 3.2 Maces & Flails
 + Level 3.8 Armour
 + Level 0.3 Dodging
 + Level 3.5 Shields


You had 2 spell levels left.
You didn't know any spells.
Your spell library contained the following spells:

 Spells                   Type           Power      Damage    Failure   Level
 Dazzling Flash           Conj/Hex       0%         N/A       91%         3
 Mephitic Cloud           Conj/Alch/Air  0%         N/A       91%         3
 Silence                  Hex/Air        0%         N/A       100%        5


Dungeon Overview and Level Annotations

Branches:
Dungeon (4/15)
 Temple: D:4-7

Altars:


Innate Abilities, Weirdness & Mutations

Your spellcasting is much less encumbered by armour.
You can use scrolls of enchantment on lesser artefacts.


Message History

The black bear claws you.
You closely miss the black bear.
The black bear is heavily wounded.
The shadow imp hits you.
An endoplasm comes into view.
You block the black bear's attack.
The black bear claws you but does no damage. x2
Unknown command.
Unknown command.
You barely miss the black bear.
The black bear is heavily wounded.
The endoplasm quivers.
The shadow imp hits you. The kobold hits you but does no damage.
The black bear bites you!
* * * LOW HITPOINT WARNING * * *
You block the black bear's attack. The black bear claws you.
* * * LOW HITPOINT WARNING * * *
Okay, then.
You closely miss the black bear.
The black bear is heavily wounded.
The shadow imp hits you but does no damage.
The kobold barely misses you.
The black bear bites you but does no damage.
The black bear claws you but does no damage. x2
The ogre barely misses you. You block the kobold's attack.
The shadow imp barely misses you. The black bear bites you.
* * * LOW HITPOINT WARNING * * *
The black bear claws you but does no damage.
The black bear closely misses you.
You thump the black bear!
The black bear is almost dead.
The shadow imp hits you but does no damage.
The kobold barely misses you. The black bear bites you.
* * * LOW HITPOINT WARNING * * *
The black bear claws you but does no damage.
The black bear claws you.
* * * LOW HITPOINT WARNING * * *
The ogre hits you with a +0 giant spiked club!!!
Ouch! That really hurt!
You die...

........## .........##
.......#..##
........##.##
..........#.##
...........#.### #
...........##..## ...
..........####..###.....
.........## ##O@5...#
#........# #.K.h####
##......## #.......
#....## #.J........
#..## #..........# ###
#$...........#
#.............#
#..............


You could see a black bear, an ogre, a shadow imp, an endoplasm and a kobold.

Vanquished Creatures
  3 dart slugs
  3 bats (D:1)
  4 endoplasms
  5 giant cockroaches
  6 goblins
  3 hobgoblins
  6 kobolds (D:1)
  A ball python (D:1)
  A rat (D:1)
32 creatures vanquished.

Notes
Turn   | Place    | Note
-------+----------+-------------------------------------------
     0 | D:1      | olmar the Mountain Dwarf Fighter began the quest for the
                  | Orb.
     0 | D:1      | Reached XP level 1. HP: 19/19 MP: 1/1
   131 | D:1      | Reached XP level 2. HP: 21/26 MP: 2/2
   380 | D:1      | Reached XP level 3. HP: 29/33 MP: 3/3
   817 | D:2      | You fall into a shaft and drop 2 floors!
   918 | D:4      | Noticed a black bear
   920 | D:4      | Noticed an ogre
   927 | D:4      | HP: 1/33 [black bear (2)]
   927 | D:4      | Annihilated by an ogre

Illustrated notes

Levels and vault maps discovered:
D:1:      minmay_arrival_four_circles, layout_loops_ring, minmay_pentomino_u4
D:2:      layout_basic, serial_shops, shop, minmay_divided_ellipse,
          uniq_crazy_yiuf_cottage
D:4:      layout_cave_pods, minitemple, serial_library_hellmonk_small_alcove,
          uniq_duvessa

Skill      XL: |  1  2 |
---------------+-------+-----
Maces & Flails | 3 |  3.2
Fighting       | |  3.7
Armour         | |  3.8
Dodging        | |  0.3
Shields        | |  3.5

Action                     || total
---------------------------++-------
  Melee: Flail             ||   119
    Use: Potion            ||     1
 Armour: Scale mail        ||   124
  Dodge: Dodged            ||    48
  Block: Buckler           ||    33

Table legend: (Time is in decaauts)
 A = Elapsed time spent in this place.
 B = Non-inter-level travel time spent in this place.
 C = Inter-level travel time spent in this place.
 D = Time resting spent in this place.
 E = Time spent auto-exploring this place.
 F = Levels seen in this place.
 G = Mean time per level.
                   A        B        C        D        E       F      G
               +--------+--------+--------+--------+--------+-----+--------+
         Total |    960 |    923 |     37 |      2 |    649 |   3 |  320.0 |
       Dungeon |    960 |    923 |     37 |      2 |    649 |   3 |  320.0 |
               +--------+--------+--------+--------+--------+-----+--------+

Top non-repeatable levels by time:
     D:1: 734 daAuts
     D:4: 114 daAuts
     D:2: 111 daAuts
